 Dungeon Crawl Stone Soup version 0.22-a0-228-g3692b99 (webtiles) character file.

177 b5mith the Poker (level 5, -4/47 HPs)
             Began as a Minotaur Berserker on Feb 19, 2018.
             Was a Believer of Trog.
             Slain by a black bear (7 damage)
             ... on level 3 of the Dungeon.
             The game lasted 00:05:32 (1701 turns).

b5mith the Poker (Minotaur Berserker)               Turns: 1701, Time: 00:05:32

Health: -4/47      AC:  3    Str: 23    XL:     5   Next: 31%
Magic:  4/4        EV: 13    Int:  4    God:    Trog [**....]
Gold:   143        SH:  0    Dex:  9    Spells: 4/4 levels left

rFire    x . .     SeeInvis .   a - +0 spear
rCold    + . .     Gourm    .   (no shield)
rNeg     . . .     Faith    .   b - +0 animal skin
rPois    .         Spirit   .   (helmet restricted)
rElec    .         Reflect  .   i - +0 cloak
rCorr    .         Harm     .   (no gloves)
MR       .....                  (no boots)
Stlth    +.........             (no amulet)
HPRegen  0.15/turn              g - ring of ice
MPRegen  0.09/turn              (no ring)

@: no status effects
A: retaliatory headbutt, horns 2
a: Berserk, Trog's Hand, Renounce Religion


You were on level 3 of the Dungeon.
You worshipped Trog.
Trog was pleased with you.
You were not hungry.

You visited 1 branch of the dungeon, and saw 4 of its levels.

You collected 143 gold pieces.

Inventory:

Hand Weapons
 a - a +0 spear (weapon)
 d - a -1 short sword
Missiles
 n - 102 stones (quivered)
 x - 4 tomahawks
 y - 2 javelins of penetration
Armour
 b - a +0 animal skin (worn)
 e - a scarf of resistance
 i - a +0 cloak (worn)
Jewellery
 g - a ring of ice (left hand)
Scrolls
 j - 2 scrolls of enchant weapon
 l - 2 scrolls of enchant armour
 m - 2 scrolls of identify {@r1}
 o - a scroll of amnesia {unknown}
 q - a scroll of immolation {unknown}
 r - a scroll of teleportation {unknown}
 u - a scroll of remove curse {@r2}
Potions
 f - a potion of haste {unknown}
 p - 2 potions of might
 s - a potion of heal wounds {unknown}
 v - a potion of lignification {unknown}
 w - a potion of brilliance {unknown}
Comestibles
 c - 5 rations
 t - 3 chunks of flesh


   Skills:
 + Level 4.8 Fighting
 + Level 4.8 Polearms
 + Level 3.9 Armour
 + Level 3.5 Dodging


You had 4 spell levels left.
You didn't know any spells.

Dungeon Overview and Level Annotations

Branches:
Dungeon (4/15)
 Temple: D:4-7

Altars:

Annotations:
D:2 1 runed door


Innate Abilities, Weirdness & Mutations

You reflexively headbutt those who attack you in melee.
You have a pair of horns on your head.


Message History

Some of the chunks of flesh in your inventory have rotted away.
There is a stone staircase leading up, spattered with blood here.
The black bear bites you but does no damage.
The black bear barely misses you. The black bear misses you.
You climb upwards.
There is a stone staircase leading down here.
As you read the scroll of fear, it crumbles to dust.
You assume a fearsome visage.
The black bear looks frightened!
You completely miss the black bear.
Your attack snaps the black bear out of its fear.
You headbutt the black bear.
The black bear is moderately wounded.
The black bear bites you.
* * * LOW HITPOINT WARNING * * *
The black bear claws you.
* * * LOW HITPOINT WARNING * * *
The black bear barely misses you.
There is a stone staircase leading down here.
The black bear bites you!
You die...

#....# #.# #....## ##.# #
#.....## #..# ## #......###.##
########## .#######.#.....###
#........#
.##........##....#####........##
..#.....##.##..................#
........##.##...h..............#
.#..............@.......#####..#
.######.................#...#..#
..#####..............).#...#...##
........................#...#....
..#####.##..............#####....
#......>.........................
#...#....##......................
#................................
#..#...#...###...................


You could see a black bear.

Vanquished Creatures
  A hound (D:4)
  An orc wizard (D:4)
  A worker ant (D:3)
  4 adders
  2 dart slugs
  6 leopard geckos
  6 orcs
  2 giant cockroaches
  2 goblins (D:3)
  7 hobgoblins
  2 kobolds
  2 quokkas
  A ball python (D:1)
  4 bats
  A frilled lizard (D:2)
  4 rats
46 creatures vanquished.

Notes
Turn   | Place    | Note
-------+----------+-------------------------------------------
     0 | D:1      | b5mith the Minotaur Berserker began the quest for the Orb.
     0 | D:1      | Reached XP level 1. HP: 19/19 MP: 0/0
   358 | D:1      | Reached XP level 2. HP: 22/27 MP: 1/1
   724 | D:2      | Found a runed door.
   804 | D:2      | Found a faded altar of an unknown god.
  1191 | D:3      | Reached XP level 3. HP: 23/33 MP: 2/2
  1314 | D:3      | Reached XP level 4. HP: 35/40 MP: 3/3
  1445 | D:3      | Reached ** piety under Trog
  1646 | D:4      | Reached XP level 5. HP: 32/47 MP: 4/4
  1686 | D:4      | Noticed a black bear
  1692 | D:4      | Noticed a sky beast
  1699 | D:3      | HP: 2/47 [black bear (3)]
  1701 | D:3      | Slain by a black bear

Vault maps used:
D:1:      saegor_arrival_simple_e
D:2:      chequers_ecumenical_altar_simple_redux, uniq_crazy_yiuf_cottage
D:3:      minmay_distorted
D:4:      first_ration

Skill      XL: |  1  2  3 |
---------------+----------+-----
Polearms       | 4 |  4.8
Fighting       | 4 |  4.8
Armour         | 3 |  3.9
Dodging        | 3 |  3.5

Action                   |  1- 3 |  4- 6 || total
-------------------------+-------+-------++-------
Melee: Short sword       |    61 |       ||    61
       Headbutt          |    12 |    12 ||    24
       Spear             |     8 |    60 ||    68
Throw: Stone             |       |    11 ||    11
  Use: Scroll            |     5 |     3 ||     8
  Eat: Chunk             |     1 |     2 ||     3
Armor: Animal skin       |    16 |     6 ||    22
Dodge: Dodged            |    57 |    29 ||    86

Table legend:
 A = Spawn XP
 B = Non-spawn XP
 C = Spawn XP percentage of total XP
 D = Spawn monster count
 E = Non-spawn monster count
 F = Spawn count percentage of total count
 G = Total turns spent on level
                    A         B        C        D         E        F      G
               +---------+---------+-------+---------+---------+-------+---------
         Total |       0 |     254 |   0.0 |       0 |      46 |   0.0 |  1701
               +---------+---------+-------+---------+---------+-------+---------
           D:1 |       0 |      13 |   0.0 |       0 |       6 |   0.0 |   524
           D:2 |       0 |      18 |   0.0 |       0 |      12 |   0.0 |   653
           D:3 |       0 |     115 |   0.0 |       0 |      21 |   0.0 |   419
           D:4 |       0 |     108 |   0.0 |       0 |       7 |   0.0 |   105
               +---------+---------+-------+---------+---------+-------+---------
